Map: Nightshade LE

Players

Stats

  • Race: Protoss Protoss
  • Spawn Location: 11:00

Dear - Winner!

  • Race: Protoss Protoss
  • Spawn Location: 5:00

Event: IEM Katowice 2020

VOD

Have the link to the VOD?

Description

Time

  • Played on: Feb. 27, 2020, 6:58 a.m.
  • Length: 5:28

All games in this series

Show
View Real Time Build Order
Export as new Build Order

Stats Protoss 

Build Orders: Phoenix Opening 

Get SALT Encoding   

  12  0:00  Probe  
  13  0:12  Probe  
  14  0:17  Pylon  
  14  0:25  Probe (Chrono Boost)  
  15  0:36  Gateway  
  15  0:37  Probe (Chrono Boost)  
  16  0:45  Probe (Chrono Boost)  
  16  0:46  Assimilator  
  17  0:51  Probe  
  17  0:54  Assimilator  
  18  1:03  Probe (Chrono Boost)  
  19  1:07  Gateway  
  19  1:14  Probe (Chrono Boost)  
  20  1:18  Probe (Chrono Boost)  
  20  1:23  Cybernetics Core  
  21  1:29  Probe  
  22  1:33  Pylon  
  22  1:41  Probe  
  23  1:53  Probe  
  24  1:59  Stalker  
  24  2:00  Warp Gate, Stalker  
  29  2:08  Probe  
  29  2:09  Pylon  
  29  2:29  Stalker x2  
  33  2:51  Probe  
  34  3:00  Shield Battery  
  34  3:01  Sentry x2  
  34  3:05  Shield Battery  
  38  3:11  Nexus  
  38  3:14  Pylon  
  38  3:17  Probe  
  39  3:32  Probe  
  40  3:37  Phoenix  
  40  3:46  Robotics Facility  
  41  3:48  Sentry  
  41  3:49  Stalker  
  41  3:53  Shield Battery  
  41  3:55  Shield Battery  
  44  3:59  Shield Battery  
  44  4:12  Adept  
  46  4:20  Shield Battery  
  46  4:31  Immortal (Chrono Boost)  
  46  4:32  Stalker  
  52  4:42  Shield Battery  
  52  4:43  Adept  
  54  4:59  Adept  
  58  5:07  Adept  
  43  5:23  Stalker  
Show
View Real Time Build Order
Export as new Build Order

Dear Protoss - Winner!

Build Orders:  

Get SALT Encoding   

  12  0:00  Probe  
  13  0:13  Probe  
  14  0:17  Pylon  
  14  0:25  Probe (Chrono Boost)  
  15  0:36  Gateway  
  15  0:37  Probe (Chrono Boost)  
  16  0:44  Probe (Chrono Boost)  
  16  0:46  Assimilator  
  17  0:51  Probe  
  17  0:54  Assimilator  
  18  1:03  Probe (Chrono Boost)  
  19  1:07  Gateway  
  19  1:13  Probe (Chrono Boost)  
  19  1:18  Probe (Chrono Boost)  
  20  1:23  Cybernetics Core  
  21  1:29  Probe  
  22  1:34  Pylon  
  22  1:41  Probe  
  23  1:59  Adept x2  
  27  2:02  Robotics Facility  
  27  2:05  Warp Gate  
  27  2:10  Probe  
  28  2:16  Pylon  
  28  2:33  Sentry  
  28  2:36  Sentry  
  31  2:43  Gateway  
  31  2:52  Immortal (Chrono Boost)  
  31  2:58  Pylon  
  35  3:15  Sentry  
  37  3:21  Warp Prism (Chrono Boost)  
  37  3:23  Shield Battery  
  39  3:48  Pylon  
  39  3:50  Immortal (Chrono Boost)  
  39  3:55  Sentry  
  45  3:56  Adept  
  47  4:05  Pylon  
  47  4:25  Immortal (Chrono Boost)  
  47  4:31  Adept  
  53  4:32  Adept  
  55  4:38  Adept  
  55  5:08  Adept x3  

Tags
 
Add a new tag
Caveats
  • Supply blocks, unpowered buildings, or Contaminate may cause inaccurate times.
  • Supply counts are checked every 10 seconds.